 Dungeon Crawl Stone Soup version 0.30-a0-930-gb9d0489357 (webtiles) character file.

Game seed: 17685570007702636190

161 mopl the Sneak (level 5, -1/36 HPs)
             Began as an Octopode Cinder Acolyte on Mar 23, 2023.
             Was a High Priest of Ignis.
             Slain by an orc
             ... wielding a +0 short sword
              (4 damage)
             ... on level 3 of the Dungeon.
             The game lasted 00:03:19 (1833 turns).

mopl the Sneak (Octopode Cinder Acolyte)            Turns: 1833, Time: 00:03:20

Health: -1/36      AC:  1    Str: 14    XL:     5   Next: 42%
Magic:  6/6        EV: 10    Int: 18    God:    Ignis [*****.]
Gold:   102        SH:  6    Dex:  7    Spells: 6/6 levels left

rFire   + . .      SeeInvis .    a - -1 short sword (flame)
rCold   . . .      Faith    .    j - +0 kite shield
rNeg    . . .      Spirit   .    (helmet restricted)
rPois   .          Reflect  .    (no amulet)
rElec   .          Rampage  .    (no ring)
rCorr   .                        (no ring)
Will    .....                    (no ring)
Stlth   +++                      (no ring)
HPRegen 0.26/turn                (no ring)
MPRegen 0.10/turn                (no ring)
                                 (no ring)
                                 (no ring)

@: no status effects
A: almost no armour, amphibious, 8 rings, camouflage 1, gelatinous body 1,
(nimble swimmer 1), tentacles
a: Renounce Religion, Fiery Armour, Foxfire Swarm, Rising Flame


You were on level 3 of the Dungeon.
You worshipped Ignis.
Ignis was extremely pleased with you.
You visited 1 branch of the dungeon, and saw 3 of its levels.

You collected 102 gold pieces.

Inventory:

Hand Weapons
 a - a -1 short sword of flaming (weapon)
Armour
 j - a +0 kite shield (worn)
Scrolls
 d - 2 scrolls of identify {unknown}
 e - 2 scrolls of teleportation {unknown}
 k - a scroll of enchant armour {unknown}
 l - a scroll of magic mapping {unknown}
 m - a scroll of blinking {unknown}
Potions
 b - 2 potions of might
 c - a potion of lignification {unknown}
 f - a potion of berserk rage {unknown}
 g - a potion of heal wounds {unknown}
 h - 2 potions of curing {unknown}
 i - a potion of mutation {unknown}


   Skills:
 - Level 3.0 Fighting
 + Level 4.5 Short Blades
 + Level 4.7 Stealth
 + Level 1.0 Shields
 - Level 1.0 Spellcasting
 - Level 3.0 Fire Magic


You had 6 spell levels left.
You didn't know any spells.
Your spell library contained the following spells:

 Spells                   Type           Power      Damage    Failure   Level
 Scorch                   Fire           22%        2d6       30%         2
 Sandblast                Erth           0%         2d4       56%         1


Dungeon Overview and Level Annotations

Branches:
Dungeon (3/15)

Altars:

Shops:
D:2 (


Innate Abilities, Weirdness & Mutations

You cannot wear most types of armour.
You are amphibious.
You can wear up to eight rings at the same time.
Your skin changes colour to match your surroundings (Stealth+).
Your rubbery body absorbs attacks. (AC +1, EV +1)
((You are camouflaged when in or above water. (Stealth+)))
You have tentacles for arms and can constrict up to eight enemies at once.


Message History

The orc priest invokes the aid of Beogh against you.
Beogh smites you!
Unknown command.
You hit the orc priest but do no damage.
The orc priest is almost dead.
You constrict the orc priest, but do no damage.
The orc priest hits you with a +0 mace.
Unknown command.
You hit the orc priest but do no damage.
You squeeze the orc priest.
You kill the orc priest!
You block the orc's attack.
The orc priest looks encouraged for a moment.
Your Shields skill increases to level 1!
Unknown command.
You completely miss the orc. Your grab misses the orc.
You block the orc's attack.
The orc wizard casts a spell.
The orc wizard flickers and vanishes!
Deactivating autopickup; reactivate with Ctrl-A.
Unknown command.
You barely miss the orc. You grab the orc. Your squeeze misses the orc.
You constrict the orc, but do no damage.
The orc hits you with a +0 short sword.
The orc priest invokes the aid of Beogh against you.
Beogh smites you!
* * * LOW HITPOINT WARNING * * *
Unknown command.
You closely miss the orc priest. You grab the orc priest.
You squeeze the orc priest!
The orc priest is severely wounded.
You constrict the orc. You constrict the orc priest.
The orc closely misses you.
The orc priest calls upon Beogh to heal the orc.
The orc's wounds heal themselves!
You hit the orc priest but do no damage.
The orc priest is severely wounded.
You constrict the orc. You constrict the orc priest.
The orc hits you with a +0 short sword.
You die...

.#####.### #####...####
.........####...........
.##.##..................
>##.##)#.####...........
.##.##...# ####.....##
###.###..#######.....#
#.###).#...........#
#......#.#####.....#
#######.##.## #@#.#.#
#.# .#
#.......#..ooo...# #.#
.####.#.##..#.##.#####
..# ............#.#..o
#.. .####.#...........
#####.# .#
#.#...#.#.#.##. ..##.#
.# #.##.##.# .. . #.##.#
## #.......# #. .#
#.##<##.### ####...##
#.........#


You could see 2 orc priests and 2 orcs.

Vanquished Creatures
  An orc priest (D:3)
  Natasha (thrice) (D:2)
  2 adders (D:3)
  2 dart slugs
  2 endoplasms
  A giant cockroach (D:2)
  3 goblins
  3 hobgoblins
  2 kobolds
  3 quokkas
  4 ball pythons
  5 bats
  6 frilled lizards
  3 rats (D:2)
40 creatures vanquished.

Notes
Turn   | Place    | Note
-------+----------+-------------------------------------------
     0 | D:1      | mopl the Octopode Cinder Acolyte began the quest for the
                  | Orb.
     0 | D:1      | Reached XP level 1. HP: 16/16 MP: 2/2
   116 | D:1      | Reached skill level 1 in Stealth
   178 | D:1      | Reached XP level 2. HP: 19/21 MP: 3/3
   250 | D:1      | Reached skill level 2 in Stealth
   703 | D:2      | Found a faded altar of an unknown god.
   712 | D:2      | Got Plato's Catalogue of the Volcano
   738 | D:2      | Reached XP level 3. HP: 22/26 MP: 4/4
  1050 | D:2      | Noticed Natasha
  1057 | D:2      | Killed Natasha
  1058 | D:2      | Reached skill level 3 in Stealth
  1188 | D:2      | Noticed Natasha
  1197 | D:2      | Killed Natasha
  1198 | D:2      | Reached skill level 4 in Short Blades
  1198 | D:2      | Reached XP level 4. HP: 15/31 MP: 5/5
  1270 | D:2      | Noticed Natasha
  1281 | D:2      | Killed Natasha
  1282 | D:2      | Reached skill level 4 in Stealth
  1359 | D:2      | Found Kogeanut's Antique Weapon Shoppe.
  1696 | D:3      | Reached XP level 5. HP: 32/36 MP: 6/6
  1830 | D:3      | Reached skill level 1 in Shields
  1833 | D:3      | Slain by an orc

Illustrated notes

Levels and vault maps discovered:
D:1:      saegor_arrival_fortress, layout_loops_ring
D:2:      layout_loops_corners, shapermc_ecumenical_altar_rom_forum,
          serial_shops, shop, wander_ebering_terrifying_dragon_lair,
          uniq_natasha
D:3:      layout_loops_cross, serial_shops, shop_statue, nicolae_shop_vocational

Skill      XL: |  1  2  3  4  5 |
---------------+----------------+-----
Stealth        | 1 2 3 4 |  4.7
Short Blades   | 4 |  4.5
Shields        | 1 |  1.0
Fighting       | |  3.0
Spellcasting   | |  1.0
Fire Magic     | |  3.0

Action                     |  1- 3 |  4- 6 || total
---------------------------+-------+-------++-------
  Melee: Short sword       |    63 |    34 ||    97
         Constrict         |    11 |     8 ||    19
         Tentacles         |     9 |     8 ||    17
         Punch             |     2 |       ||     2
   Stab: Sleeping          |    13 |     2 ||    15
 Armour: Skin              |     4 |     1 ||     5
  Dodge: Dodged            |    35 |    13 ||    48
  Block: Kite shield       |       |     7 ||     7

Table legend: (Time is in decaauts)
 A = Elapsed time spent in this place.
 B = Non-inter-level travel time spent in this place.
 C = Inter-level travel time spent in this place.
 D = Time resting spent in this place.
 E = Time spent auto-exploring this place.
 F = Levels seen in this place.
 G = Mean time per level.
                   A        B        C        D        E       F      G
               +--------+--------+--------+--------+--------+-----+--------+
         Total |   1839 |   1799 |     40 |     64 |   1453 |   3 |  613.0 |
       Dungeon |   1839 |   1799 |     40 |     64 |   1453 |   3 |  613.0 |
               +--------+--------+--------+--------+--------+-----+--------+

Top non-repeatable levels by time:
     D:2: 891 daAuts
     D:1: 683 daAuts
     D:3: 264 daAuts
